 Dungeon Crawl Stone Soup version 0.30-a0-210-g01b79a254e (webtiles) character file.

Game seed: 7747335054604385811

9 sleeves the Poker (level 2, 17/24 HPs)
             Began as a Demonspawn Monk on Oct 4, 2022.
             Quit the game on level 1 of the Dungeon.
             The game lasted 00:00:21 (194 turns).

sleeves the Poker (Demonspawn Monk)                  Turns: 194, Time: 00:00:21

Health: 17/24      AC:  2    Str: 11    XL:     2   Next: 6%
Magic:  2/2        EV: 12    Int: 11    God:
Gold:   25         SH:  0    Dex: 15    Spells: 1/1 levels left

rFire   . . .      SeeInvis .    a - +0 spear
rCold   + . .      Faith    .    (no shield)
rNeg    . . .      Spirit   .    b - +0 robe
rPois   .          Reflect  .    (no helmet)
rElec   .          Harm     .    (no cloak)
rCorr   .          Rampage  .    (no gloves)
Will    .....                    (no boots)
Stlth   ++........               (no amulet)
HPRegen 0.24/turn                e - ring of protection from cold
MPRegen 0.08/turn                (no ring)

@: no status effects
A: demonic touch 1
a: no special abilities


You were on level 1 of the Dungeon.
You visited 1 branch of the dungeon, and saw 1 of its levels.

You collected 25 gold pieces.

Inventory:

Hand Weapons
 a - a +0 spear (weapon)
Armour
 b - a +0 robe (worn)
Jewellery
 e - a ring of protection from cold (left hand)
   (You found it on level 1 of the Dungeon)
Scrolls
 d - a scroll of silence {unknown}
 f - a scroll of enchant weapon {unknown}
 g - a scroll of identify {unknown}
Potions
 c - a potion of ambrosia


   Skills:
 - Level 3.0 Fighting
 + Level 3.3 Polearms
 - Level 2.6 Dodging
 - Level 1.7 Stealth


You had one spell level left.
You didn't know any spells.
Your spell library was empty.

Dungeon Overview and Level Annotations

Branches:
Dungeon (1/15)

Altars:


Innate Abilities, Weirdness & Mutations

Your touch may inflict minor irresistible damage on your foes.


Message History

Welcome, sleeves the Demonspawn Monk.
Below lies the Orb of Zot, rumoured to be powerful enough to resurrect a god...
Press ? for a list of commands and other information.
Found a scroll labelled XUOTREU ETHROOR.
Found a staircase leading out of the dungeon.
d - a scroll labelled XUOTREU ETHROOR A bat comes into view.
Found an ivory ring.
A bat is nearby!
A bat is nearby!
You reach to attack!
You hit the bat.
You kill the bat!
No target in view!
No target in view!
No target in view!
No target in view!
Found a plate armour.
e - a ring of protection from cold
e - a ring of protection from cold (left hand)
A quokka comes into view.
A quokka is nearby!
A quokka is nearby!
Found a stone staircase leading down.
You hit the quokka.
The quokka is heavily wounded.
The quokka barely misses you.
You hit the quokka.
You kill the quokka!
No target in view!
No target in view!
No target in view!
No target in view!
No target in view!
No target in view!
No target in view!
f - a scroll labelled BAGHEAZ BIHI A ball python comes into view.
You see here 12 gold pieces.
A ball python is nearby!
A giant cockroach comes into view.
The ball python hisses angrily.
You closely miss the ball python. The ball python bites you.
The ball python grabs you. The ball python constricts you.
The ball python barely misses you. The ball python constricts you.
You closely miss the ball python.
The ball python bites you but does no damage.
The ball python constricts you.
You barely miss the ball python.
The giant cockroach bites you but does no damage.
The ball python bites you. The ball python constricts you.
You barely miss the ball python.
The giant cockroach bites you but does no damage.
The ball python bites you. The ball python constricts you.
There are monsters nearby!
There are monsters nearby!
There are monsters nearby!
You hit the ball python.
You kill the ball python!
The giant cockroach misses you.
You hit the giant cockroach but do no damage.
The giant cockroach closely misses you. x2
You hit the giant cockroach but do no damage.
The giant cockroach bites you.
You are too injured to fight recklessly!
You are too injured to fight recklessly!
You are too injured to fight recklessly!
You are too injured to fight recklessly!
You are too injured to fight recklessly!
You are too injured to fight recklessly!
You closely miss the giant cockroach. The giant cockroach barely misses you.
You closely miss the giant cockroach. The giant cockroach barely misses you.
You hit the giant cockroach but do no damage.
The giant cockroach barely misses you.
You barely miss the giant cockroach. The giant cockroach closely misses you.
You closely miss the giant cockroach.
The giant cockroach bites you but does no damage.
You hit the giant cockroach.
The giant cockroach is severely wounded.
The giant cockroach misses you.
The giant cockroach bites you but does no damage.
You barely miss the giant cockroach.
The giant cockroach is severely wounded.
The giant cockroach barely misses you.
You hit the giant cockroach.
You kill the giant cockroach!
Your Polearms skill increases to level 3!
You see here a giant cockroach corpse.
Unknown command.
HP restored.
You see here a giant cockroach corpse.
You now have 12 gold pieces.
A quokka comes into view.
You see here 13 gold pieces.
A quokka is nearby!
A quokka is nearby!
A quokka comes into view.
You hit the quokka but do no damage. The quokka bites you.
You hit the quokka.
The quokka is almost dead.
The quokka bites you.
You hit the quokka but do no damage.
The quokka is almost dead.
You hit the quokka.
You kill the quokka!
The quokka closely misses you.
You hit the quokka.
The quokka is moderately wounded.
The quokka misses you.
A quokka is nearby!
You hit the quokka.
The quokka is heavily wounded.
The quokka closely misses you.
You hit the quokka but do no damage.
The quokka is heavily wounded.
The quokka bites you.
You barely miss the quokka.
The quokka is heavily wounded.
The quokka closely misses you.
You hit the quokka but do no damage.
The quokka is heavily wounded.
The quokka closely misses you. The quokka completely misses you.
You hit the quokka.
You kill the quokka!
No target in view!
No target in view!
No target in view!
No target in view!
No target in view!
No target in view!
No target in view!
No target in view!
You now have 25 gold pieces (gained 13).
g - a scroll labelled WIRGHUO SYJOM 2 goblins come into view.
There are monsters nearby!
There are monsters nearby!
The goblin shouts!
You hear a shout! x2
You hit the goblin.
The goblin is severely wounded.
You hear a shout!
The goblin hits you with a +0 dagger.
You barely miss the goblin.
The goblin is severely wounded.
The goblin hits you with a +0 dagger.
There are monsters nearby!
You hit the goblin.
You kill the goblin!
You have reached level 2!
Your demonic ancestry asserts itself...
Your hands begin to faintly glow with unholy energy.
You reach to attack!
You barely miss the goblin. You hit the goblin.
The goblin is heavily wounded.
The goblin closely misses you.
You hit the goblin.
You kill the goblin!
No target in view!
Are you sure you want to abandon this character and quit the game? (Confirm with "yes".)

##......###.###††#
#..###### #.......
##.## ###.....
##..# ........
#..## .....#...
#.## .....##..
####.######........
##.
#.......).........
#. #..#.)@#####...
.. #.....#..P..#
#...P#.#####P#
#...#.#. #..# # #
#.. ##.


There were no monsters in sight!

Vanquished Creatures
  A giant cockroach (D:1)
  2 goblins (D:1)
  3 quokkas (D:1)
  A ball python (D:1)
  A bat (D:1)
8 creatures vanquished.

Notes
Turn   | Place    | Note
-------+----------+-------------------------------------------
     0 | D:1      | sleeves the Demonspawn Monk began the quest for the Orb.
     0 | D:1      | Reached XP level 1. HP: 18/18 MP: 1/1
    65 | D:1      | Reached skill level 3 in Polearms
   190 | D:1      | Gained mutation: Your touch may inflict minor irresistible
                  | damage on your foes. [demonic ancestry]
   190 | D:1      | Reached XP level 2. HP: 16/24 MP: 2/2
   194 | D:1      | Quit the game

Illustrated notes

Levels and vault maps discovered:
D:1:      amcnicky_arrival_single_pillar, layout_rooms,
          shapermc_ecumenical_altar_rom_forum

Skill      XL: |  1 |
---------------+----+-----
Polearms       | 3 |  3.3
Fighting       | |  3.0
Dodging        | |  2.6
Stealth        | |  1.7

Action                   || total
-------------------------++-------
Melee: Spear             ||    34
Armor: Robe              ||     5
Dodge: Dodged            ||    18

Table legend: (Time is in decaauts)
 A = Elapsed time spent in this place.
 B = Non-inter-level travel time spent in this place.
 C = Inter-level travel time spent in this place.
 D = Time resting spent in this place.
 E = Time spent auto-exploring this place.
 F = Levels seen in this place.
 G = Mean time per level.
                   A        B        C        D        E       F      G
               +--------+--------+--------+--------+--------+-----+--------+
         Total |    192 |    192 |      0 |      0 |    129 |   1 |  192.0 |
       Dungeon |    192 |    192 |      0 |      0 |    129 |   1 |  192.0 |
               +--------+--------+--------+--------+--------+-----+--------+

Top non-repeatable levels by time:
     D:1: 192 daAuts
